[Event "Titled Tuesday Blitz August 22 Early 2023"]
[White "abelmat"]
[Black "Palacio,Igor Da Paz"]
[BlackFideId "2121140"]
[WhiteElo "1912"]
[BlackElo "2261"]
[Result "1-0"]
[Round "7"]
[TimeControl "180+1"]
[Date "2023.08.22"]
[WhiteClock "0:00:03"]
[BlackClock "0:00:00"]
[Board "204"]

1. d4 Nf6 2. c4 g6 3. Nc3 Bg7 4. e4 d6 5. f3 O-O 6. Be3 e5 7. Nge2 Nc6 8. d5 Ne7 9. Qd2 Ne8 10. g4 f5 11. gxf5 gxf5 12. O-O-O f4 13. Bf2 Kh8 14. h4 h5 15. Bh3 Bxh3 16. Rxh3 Rg8 17. Rhh1 Nf6 18. Rhg1 Bh6 19. Kb1 Qd7 20. c5 Rxg1 21. Rxg1 a6 22. a3 Rg8 23. Rxg8+ Nfxg8 24. cxd6 cxd6 25. Qd1 Qh3 26. Ng1 Qg2 27. Qe1 Ng6 28. Ka2 Bf8 29. Na4 Be7 30. Nb6 Nf6 31. Nc8 Bf8 32. Nb6 Be7 33. Nc8 Bf8 34. Nb6 Ne8 35. Nd7 Be7 36. Nb6 Kg7 37. Nc8 Bf8 38. Nb6 Kf7 39. Nc4 Be7 40. Qd2 Nf6 41. Qe1 Nd7 42. Bb6 Nxb6 43. Nxb6 Qg3 44. Qf1 Bxh4 45. Nd7 Be7 46. Ne2 Qg5 47. Qh3 h4 48. Qe6+ Kg7 49. Nc3 Nf8 50. Qh3 Qg3 51. Qf5 Qg5 52. Qh3 1-0


[Site "https://www.chess.com"]

[Event "Titled Tuesday Blitz August 22 Early 2023"]
[White "Skiadopoulos, Nikolaos"]
[Black "Simonovic, Miroslav"]
[WhiteFideId "4200772"]
[BlackFideId "919152"]
[WhiteElo "1812"]
[BlackElo "2258"]
[Result "1/2-1/2"]
[Round "7"]
[TimeControl "180+1"]
[Date "2023.08.22"]
[WhiteClock "0:00:16"]
[BlackClock "0:00:41"]
[Board "205"]

1. e4 c5 2. b4 b6 3. bxc5 bxc5 4. Nc3 Bb7 5. Rb1 Bc6 6. Nf3 g6 7. Ne5 Bg7 8. Nxc6 Nxc6 9. Bb2 e5 10. Nd5 Nge7 11. Bb5 O-O 12. O-O a6 13. Nxe7+ Nxe7 14. Bc4 d5 15. exd5 Nxd5 16. Qf3 Nb4 17. c3 Qxd2 18. cxb4 Qxb4 19. Bxf7+ Kh8 20. Bxe5 Qh4 21. Qd5 Rad8 22. Bxg7+ Kxg7 23. Qe5+ Qf6 24. Qxf6+ Kxf6 25. Bc4 Rd6 26. Rb7 h5 27. h4 Ke5 28. Re1+ Kf4 29. Rf7+ Rxf7 30. Bxf7 Kf5 31. g3 Kf6 32. Bc4 Rb6 33. Kg2 a5 34. Kf3 Rb4 35. Rc1 Rb2 36. Bb3 a4 37. Bxa4 Rxa2 38. Bb3 Ra3 39. Rc3 c4 40. Rxc4 Rxb3+ 41. Kf4 Rb6 42. f3 Rd6 43. g4 hxg4 44. fxg4 Ra6 45. g5+ Ke6 46. Rb4 Rd6 47. Kg4 Rc6 48. h5 gxh5+ 49. Kxh5 Kf7 50. Rb7+ Kg8 51. g6 Rc1 52. Kh6 Rh1+ 53. Kg5 Rg1+ 54. Kh6 Rh1+ 55. Kg5 Rg1+ 56. Kh6 Rh1+ 1/2-1/2


[Site "https://www.chess.com"]

[Event "Titled Tuesday Blitz August 22 Early 2023"]
[White "elcala"]
[Black "Ai, Evan"]
[BlackFideId "2094770"]
[WhiteElo "1700"]
[BlackElo "2248"]
[Result "0-1"]
[Round "7"]
[TimeControl "180+1"]
[Date "2023.08.22"]
[WhiteClock "0:00:00"]
[BlackClock "0:01:30"]
[Board "206"]

1. d4 Nf6 2. Bf4 d5 3. e3 e6 4. Nf3 c5 5. c3 Nc6 6. Nbd2 Nh5 7. Bg5 f6 8. Bh4 cxd4 9. exd4 Bd6 10. Bd3 Nf4 11. Bf1 O-O 12. Bg3 Ng6 13. Bd3 Nce7 14. O-O e5 15. dxe5 fxe5 16. Ng5 h6 17. Nh3 Bxh3 18. gxh3 Nf4 19. Bxf4 Rxf4 20. Qh5 e4 21. Be2 Rf5 22. Qh4 Rg5+ 23. Kh1 Nf5 24. Qh5 Rxh5 25. Bxh5 Qg5 26. Bg4 Qxd2 27. Bxf5 Qf4 0-1


[Site "https://www.chess.com"]

[Event "Titled Tuesday Blitz August 22 Early 2023"]
[White "Gyulamiryan-koryun"]
[Black "Sericano, Claudio"]
[BlackFideId "800473"]
[WhiteElo "2030"]
[BlackElo "2054"]
[Result "1/2-1/2"]
[Round "7"]
[TimeControl "180+1"]
[Date "2023.08.22"]
[WhiteClock "0:00:05"]
[BlackClock "0:00:08"]
[Board "207"]

1. c4 e6 2. Nc3 d5 3. cxd5 exd5 4. d4 Nf6 5. Bg5 Be7 6. e3 O-O 7. Bd3 c6 8. Qc2 Nbd7 9. Nge2 Re8 10. O-O Nf8 11. Rae1 Ne4 12. Bf4 g5 13. Bg3 Nxg3 14. Nxg3 Bd6 15. e4 Bxg3 16. hxg3 dxe4 17. Nxe4 Ng6 18. Qd2 Bf5 19. Qc3 Bxe4 20. Bxe4 Qd6 21. Qb3 b6 22. Qc4 Rac8 23. Bf5 Rcd8 24. Rd1 Qd5 25. Qc2 Rd6 26. f3 Kg7 27. Be4 Qe6 28. Qc3 Qf6 29. Kh2 Red8 30. Rd3 Rxd4 31. Rxd4 Rxd4 32. Qxc6 Qxc6 33. Bxc6 Rd2 34. Rb1 Ne5 35. Be4 Nc4 36. b3 Nd6 37. Bc6 Rxa2 38. g4 Rc2 39. Bd5 Rd2 40. Bc6 a5 41. b4 axb4 42. Rxb4 b5 43. Bxb5 Nxb5 44. Rxb5 f6 45. Rf5 Kg6 46. Kg3 Rd3 47. Rb5 Rd4 48. Kf2 Rd2+ 49. Kg3 Rd6 50. Kf2 Re6 51. Kg3 Re7 52. Kf2 Rd7 53. Kg3 Ra7 54. Kf2 Ra3 55. Kg3 Ra2 56. Kh2 h6 57. Kg3 h5 58. gxh5+ Kxh5 59. Rf5 Kg6 60. Rb5 f5 61. Kh2 Kh5 62. Kg1 Kg6 63. Kh2 f4 64. Kg1 Kh5 65. Kf1 Ra1+ 66. Kf2 Kh4 67. Rc5 Ra2+ 68. Kf1 g4 69. fxg4 Kg3 70. Rc3+ Kxg4 71. Rf3 Ra1+ 72. Kf2 Ra2+ 73. Kf1 Rd2 74. Rb3 Rd4 75. Rf3 Re4 76. Rb3 Rd4 77. Rf3 Ra4 78. Rb3 Rc4 79. Rf3 Rb4 80. Rc3 Rb2 81. Kg1 Re2 82. Kf1 Re4 83. Kg1 Re2 84. Kf1 Re5 85. Kg1 Re3 86. Rc8 Re1+ 87. Kf2 Re5 88. Rg8+ Rg5 89. Rxg5+ Kxg5 90. Kf3 Kf5 91. g3 fxg3 92. Kxg3 1/2-1/2


[Site "https://www.chess.com"]

[Event "Titled Tuesday Blitz August 22 Early 2023"]
[White "Johnson, Ben"]
[Black "Vargas, Mauricio"]
[WhiteFideId "2010917"]
[BlackFideId "4404572"]
[WhiteElo "2122"]
[BlackElo "1860"]
[Result "1-0"]
[Round "7"]
[TimeControl "180+1"]
[Date "2023.08.22"]
[WhiteClock "0:01:42"]
[BlackClock "0:00:00"]
[Board "210"]

1. Nf3 d5 2. e3 c5 3. b3 Nc6 4. Bb2 Bg4 5. Bb5 f6 6. h3 Bh5 7. d4 e5 8. Bxc6+ bxc6 9. dxe5 fxe5 10. Bxe5 Qe7 11. g4 Bg6 12. c4 Be4 13. Nbd2 d4 14. Nxe4 dxe3 15. Nd6+ Kd7 16. Nf5+ 1-0


[Site "https://www.chess.com"]

[Event "Titled Tuesday Blitz August 22 Early 2023"]
[White "Nihal Sarin"]
[Black "Sadhwani, Raunak"]
[WhiteFideId "25092340"]
[BlackFideId "35093487"]
[WhiteElo "3138"]
[BlackElo "3042"]
[Result "1-0"]
[Round "8"]
[TimeControl "180+1"]
[Date "2023.08.22"]
[WhiteClock "0:00:05"]
[BlackClock "0:00:00"]
[Board "1"]

1. d4 Nf6 2. Nf3 d5 3. c4 e6 4. g3 Bb4+ 5. Bd2 Be7 6. Bg2 O-O 7. O-O c6 8. Qc2 Nbd7 9. Rc1 Ne4 10. Be1 b5 11. cxd5 cxd5 12. Nc3 Nxc3 13. Qxc3 a5 14. e3 b4 15. Qc6 Ra6 16. Qb5 Ra7 17. Bf1 Ba6 18. Qc6 Bxf1 19. Kxf1 Qb8 20. a3 b3 21. Qa4 Nb6 22. Qxb3 a4 23. Qc2 Nc4 24. Rab1 Rc8 25. Kg1 Rcc7 26. Qd1 Rcb7 27. Ne5 Nxe5 28. dxe5 h6 29. Bc3 Rb3 30. Bd4 Rab7 31. Rc6 Rc7 32. Rbc1 Rxc6 33. Rxc6 g6 34. Qc2 Qb5 35. Rc8+ Kg7 36. Ra8 Qd7 37. Ra7 Qe8 38. Qc7 Bf8 39. Qa5 Rd3 40. Qxa4 Qc8 41. Kg2 Rd2 42. Ra8 Qc1 43. Bc3 Rd1 44. Qe8 Rg1+ 45. Kh3 Qf1+ 46. Kh4 g5+ 47. Kg4 Qc4+ 48. Bd4 Qe2+ 49. f3 1-0


[Site "https://www.chess.com"]

[Event "Titled Tuesday Blitz August 22 Early 2023"]
[White "Bortnyk, Olexandr"]
[Black "Esipenko, Andrey"]
[WhiteFideId "14120828"]
[BlackFideId "24175439"]
[WhiteElo "3068"]
[BlackElo "2975"]
[Result "0-1"]
[Round "8"]
[TimeControl "180+1"]
[Date "2023.08.22"]
[WhiteClock "0:00:12"]
[BlackClock "0:01:21"]
[Board "2"]

1. d4 Nf6 2. Nc3 d5 3. Bf4 c5 4. e4 cxd4 5. Qxd4 Nc6 6. Bb5 Bd7 7. Bxc6 Bxc6 8. e5 Nd7 9. e6 fxe6 10. Nf3 Qb6 11. Qd2 d4 12. Qxd4 Bxf3 13. Qxb6 Nxb6 14. gxf3 g6 15. Ne4 Bg7 16. Nc5 Bxb2 17. Rb1 Bc3+ 18. Ke2 Kf7 19. Nxb7 Rac8 20. Be3 Nd5 21. Rhc1 Rc7 22. Rb3 Rhc8 23. a4 a5 24. f4 Bb4 25. c3 Nxc3+ 26. Rcxc3 Rxc3 27. Rxc3 Rxc3 28. Nd8+ Ke8 29. Nxe6 Ra3 30. f5 gxf5 31. Ng7+ Kf7 32. Nxf5 Rxa4 33. Kd3 Ra2 34. h4 a4 35. Kc4 Rb2 36. Bd4 a3 37. Nh6+ Ke8 38. Ng4 Bd6 39. Ne3 Rxf2 0-1


[Site "https://www.chess.com"]

[Event "Titled Tuesday Blitz August 22 Early 2023"]
[White "Nakamura, Hikaru"]
[Black "Svane, Rasmus"]
[WhiteFideId "2016192"]
[BlackFideId "4657101"]
[WhiteElo "3219"]
[BlackElo "3003"]
[Result "1-0"]
[Round "8"]
[TimeControl "180+1"]
[Date "2023.08.22"]
[WhiteClock "0:00:19"]
[BlackClock "0:00:01"]
[Board "3"]

1. Nf3 d5 2. b3 Bf5 3. Ba3 h6 4. e3 Nd7 5. c4 c6 6. Nc3 Ngf6 7. Be2 e6 8. Bxf8 Nxf8 9. cxd5 exd5 10. b4 Ne6 11. b5 d4 12. exd4 Nxd4 13. Nxd4 Qxd4 14. bxc6 bxc6 15. Qa4 Qxa4 16. Nxa4 O-O 17. d3 Rad8 18. Nc5 Rd5 19. Rc1 Rb8 20. O-O Rb2 21. Bf3 Rd6 22. a4 Nd7 23. Ne4 Rxd3 24. Ng3 Be6 25. Bxc6 Ne5 26. Bb5 Rd4 27. Rfe1 Nd3 28. Rcd1 Nxe1 29. Rxd4 Rb1 30. Rd8+ Kh7 31. Nf1 Bf5 32. f3 Nc2 33. g4 Bg6 34. Kf2 Na3 35. Be2 Rb4 36. a5 Ra4 37. a6 Nc2 38. Ne3 Nxe3 39. Kxe3 Ra3+ 40. Kf4 Ra2 41. Bb5 Rxh2 42. Rd7 Rb2 43. Bf1 Rb1 44. Be2 Rb2 45. Ke3 Rb3+ 46. Kf2 Rb2 47. Ke3 Rb3+ 48. Kf4 Rb2 49. Bf1 Rb1 50. Bc4 Rb4 51. Rd4 f5 52. Bg8+ Kxg8 53. Rxb4 fxg4 54. Rb7 gxf3 55. Kxf3 Bf7 56. Rxa7 Bd5+ 57. Ke3 h5 58. Rd7 Bc6 59. Rc7 Bg2 60. a7 h4 61. Rc8+ Kh7 62. a8=Q Bxa8 63. Rxa8 1-0


[Site "https://www.chess.com"]

[Event "Titled Tuesday Blitz August 22 Early 2023"]
[White "Vachier-Lagrave, Maxime"]
[Black "Kramnik, Vladimir"]
[WhiteFideId "623539"]
[BlackFideId "4101588"]
[WhiteElo "3141"]
[BlackElo "2944"]
[Result "1-0"]
[Round "8"]
[TimeControl "180+1"]
[Date "2023.08.22"]
[WhiteClock "0:00:47"]
[BlackClock "0:00:01"]
[Board "4"]

1. c4 e6 2. Nf3 Nf6 3. g3 d5 4. Bg2 Be7 5. O-O O-O 6. d4 dxc4 7. Qc2 a6 8. a4 Bd7 9. Qxc4 Bc6 10. Bg5 Nbd7 11. Nbd2 h6 12. Bxf6 Nxf6 13. Rfc1 Rc8 14. Qd3 Bxf3 15. Bxf3 c6 16. a5 Bb4 17. Nc4 Qe7 18. Qb3 Rfd8 19. e3 Rc7 20. Ra4 c5 21. Ne5 Rdc8 22. Nd3 e5 23. dxe5 Nd7 24. e6 fxe6 25. Bg4 Rc6 26. Nxb4 cxb4 27. Bxe6+ Kh8 28. Rxc6 Rxc6 29. Bxd7 Rc1+ 30. Kg2 Qxd7 31. Rxb4 Qc6+ 32. e4 Re1 33. Rc4 Qd7 34. Qc2 Qe6 35. Rc8+ Kh7 36. e5+ Qg6 37. Rh8+ 1-0


[Site "https://www.chess.com"]

[Event "Titled Tuesday Blitz August 22 Early 2023"]
[White "Erigaisi Arjun"]
[Black "Kamsky, Gata"]
[WhiteFideId "35009192"]
[BlackFideId "2000024"]
[WhiteElo "3063"]
[BlackElo "2935"]
[Result "1-0"]
[Round "8"]
[TimeControl "180+1"]
[Date "2023.08.22"]
[WhiteClock "0:00:58"]
[BlackClock "0:00:26"]
[Board "5"]

1. c4 e5 2. d3 Nc6 3. Nf3 Bc5 4. a3 a6 5. b4 Ba7 6. Bb2 d6 7. g3 Nf6 8. Bg2 O-O 9. O-O Bf5 10. Nc3 Qd7 11. Nd2 Bh3 12. e3 Bxg2 13. Kxg2 d5 14. cxd5 Nxd5 15. Nc4 Rad8 16. Ne2 Qe6 17. e4 Nde7 18. f4 f5 19. fxe5 fxe4 20. Rxf8+ Rxf8 21. Nf4 Qf5 22. Qb3 Kh8 23. Rf1 g5 24. Ng6+ hxg6 25. Rxf5 Nxf5 26. e6+ Nfd4 27. dxe4 Kh7 28. Qd1 Re8 29. Qg4 Rxe6 30. Ne3 Ne5 31. Qh3+ Kg7 32. Bxd4 1-0


[Site "https://www.chess.com"]

[Event "Titled Tuesday Blitz August 22 Early 2023"]
[White "Dubov, Daniil"]
[Black "Henriquez Villagra, Cristobal"]
[WhiteFideId "24126055"]
[BlackFideId "3409350"]
[WhiteElo "3041"]
[BlackElo "2928"]
[Result "0-1"]
[Round "8"]
[TimeControl "180+1"]
[Date "2023.08.22"]
[WhiteClock "0:00:03"]
[BlackClock "0:00:13"]
[Board "6"]

1. d4 d6 2. Nf3 Nf6 3. c4 g6 4. Nc3 Bg7 5. Bg5 O-O 6. e3 Nbd7 7. Be2 b6 8. O-O Bb7 9. Qc2 h6 10. Bh4 g5 11. Bg3 Nh5 12. Nxg5 hxg5 13. Bxh5 f5 14. d5 f4 15. exf4 gxf4 16. Bh4 Ne5 17. Ne4 Bc8 18. f3 Qd7 19. g4 fxg3 20. hxg3 Qf5 21. g4 Nxf3+ 22. Kh1 Qh7 23. Rxf3 Rxf3 24. Kg2 Rf4 25. Qe2 Qxe4+ 26. Qxe4 Rxe4 27. Kf3 Rxc4 28. Re1 Be5 29. Bxe7 Bd7 30. g5 Be8 31. Bg4 Bf7 32. Bd7 Bxd5+ 33. Kf2 Rf4+ 34. Kg1 Rf7 0-1


[Site "https://www.chess.com"]

[Event "Titled Tuesday Blitz August 22 Early 2023"]
[White "Martinez Alcantara, Jose Eduardo"]
[Black "Kovalev, Vladislav"]
[WhiteFideId "3805662"]
[BlackFideId "13504398"]
[WhiteElo "3040"]
[BlackElo "2916"]
[Result "1/2-1/2"]
[Round "8"]
[TimeControl "180+1"]
[Date "2023.08.22"]
[WhiteClock "0:00:03"]
[BlackClock "0:00:08"]
[Board "7"]

1. e4 e5 2. Nf3 Nc6 3. Nc3 Nf6 4. h3 Bb4 5. a3 Bxc3 6. dxc3 d6 7. Bd3 a5 8. Qe2 a4 9. Be3 h6 10. O-O-O Be6 11. Nd2 Nd7 12. g3 Qe7 13. f4 f6 14. f5 Bf7 15. g4 Na5 16. h4 c6 17. c4 Nc5 18. g5 hxg5 19. hxg5 O-O-O 20. g6 Rxh1 21. Rxh1 Bg8 22. Kb1 b6 23. Rh3 Kc7 24. Bf2 d5 25. cxd5 cxd5 26. exd5 Bxd5 27. Bb5 Nab7 28. Nc4 Be4 29. Qg4 Kb8 30. Re3 Nd6 31. Nxd6 Qxd6 32. Rxe4 Qd1+ 33. Ka2 Qxc2 34. Rb4 Rd1 35. Qxd1 Qxd1 36. Bxc5 Qd5+ 37. Bc4 Qxc5 38. Rxa4 e4 39. Ba6 e3 40. Rb4 Qd5+ 41. Rb3 Ka7 42. Bd3 Qd4 43. Bb5 Kb7 44. a4 Kc7 45. Rc3+ Kb7 46. Rd3 Qe4 47. Rd7+ Kc8 48. Rxg7 Qxf5 49. Bd7+ Qxd7 50. Rxd7 Kxd7 51. g7 e2 52. g8=Q e1=Q 53. Qg7+ Qe7 54. Qg1 Qe6+ 55. b3 f5 56. Qg7+ Kd6 57. Qd4+ Ke7 58. Qg7+ Kd6 59. Qd4+ Kc6 60. Qc3+ Kd5 61. Qd3+ Ke5 62. Qe3+ Kf6 63. Qh6+ Ke7 64. Qg7+ Kd6 1/2-1/2


[Site "https://www.chess.com"]

[Event "Titled Tuesday Blitz August 22 Early 2023"]
[White "Mekhitarian, Krikor Sevag"]
[Black "Sarana, Alexey"]
[WhiteFideId "2107660"]
[BlackFideId "24133795"]
[WhiteElo "2886"]
[BlackElo "3036"]
[Result "0-1"]
[Round "8"]
[TimeControl "180+1"]
[Date "2023.08.22"]
[WhiteClock "0:00:00"]
[BlackClock "0:00:15"]
[Board "8"]

1. Nf3 d5 2. c4 d4 3. b4 f6 4. e3 e5 5. c5 a5 6. Qa4+ Qd7 7. Bb5 c6 8. Bc4 dxe3 9. fxe3 Qg4 10. Qb3 Qxg2 11. Rg1 Qxf3 12. Bxg8 Rxg8 13. Qxg8 Bg4 14. Nc3 axb4 15. Rg3 Qh1+ 16. Kf2 Qxh2+ 17. Rg2 Qh4+ 18. Kg1 bxc3 19. Rb1 Nd7 20. Rxb7 c2 21. Bb2 Rd8 22. d4 Qh3 23. Bc1 Qh5 24. a4 Nxc5 25. Rxg4 Qxg4+ 0-1


[Site "https://www.chess.com"]

[Event "Titled Tuesday Blitz August 22 Early 2023"]
[White "Cordova, Emilio"]
[Black "Terry, Renato"]
[WhiteFideId "3801497"]
[BlackFideId "3803457"]
[WhiteElo "2886"]
[BlackElo "2958"]
[Result "0-1"]
[Round "8"]
[TimeControl "180+1"]
[Date "2023.08.22"]
[WhiteClock "0:00:00"]
[BlackClock "0:00:05"]
[Board "9"]

1. Nf3 d5 2. e3 Nf6 3. c4 e6 4. b3 g6 5. Bb2 Bg7 6. cxd5 exd5 7. Be2 O-O 8. O-O a5 9. Nc3 Re8 10. Rc1 c6 11. a3 Qd6 12. d3 Nbd7 13. Re1 h6 14. Bf1 b5 15. Ne2 c5 16. Nc3 Ba6 17. a4 b4 18. Nb5 Bxb5 19. axb5 Rec8 20. d4 Ne4 21. dxc5 Ndxc5 22. Bxg7 Kxg7 23. Nd4 Nc3 24. Qd2 N5e4 25. Qb2 Qf6 26. f3 Nd6 27. Qd2 Rc5 28. Bd3 Rac8 29. Rc2 Qe5 30. Rec1 Qf6 31. h3 h5 32. Ra1 Ra8 33. Rac1 Qe5 34. Qf2 Re8 35. Re1 Rec8 36. Ra1 Ra8 37. Re1 Re8 38. Nc6 Qf6 39. Nxa5 Ndxb5 40. e4 Nd4 41. Nb7 Nxc2 42. Nxc5 Nxe1 43. Qxe1 dxe4 44. Bxe4 Qd4+ 45. Qf2 Qxf2+ 46. Kxf2 f5 47. Bd3 Nd1+ 48. Kg3 Nc3 49. Na6 Nd5 50. Bc4 f4+ 51. Kh2 Re5 52. Bxd5 Rxd5 53. Nxb4 Rd2 54. h4 Kf6 55. Kh3 Kf5 56. Nc6 Rd1 57. Kh2 Ke6 58. b4 Rb1 59. b5 Kd6 60. Nd4 Kd5 61. Nc6 Ke6 62. Nd4+ Kf6 63. Ne2 Ke5 64. Nc3 Rb3 65. Ne4 Rxb5 66. Ng5 Rb7 67. Ne4 Rd7 68. Ng5 Kf5 69. Ne4 Re7 70. Ng5 Re8 71. Nh3 Rd8 72. Ng5 Rd5 73. Nh3 Ra5 74. Ng5 Ra4 75. Nh3 Rb4 76. Ng5 Ke5 77. Nf7+ Ke6 78. Ng5+ Kd5 79. Nh3 Ke5 80. Kg1 Rb2 81. Kh2 Ra2 82. Kg1 Rc2 83. Kh2 Rc4 84. Kg1 Kd5 85. Kh2 Kc5 86. Ng5 Kd5 87. Nh3 Rd4 88. Kg1 Kc4 89. Kf2 Kc3 90. Ng5 Rd2+ 91. Kg1 Kd3 92. Ne6 Ke3 93. Nf8 Rd6 94. Nh7 Rd1+ 95. Kh2 Kf2 96. Ng5 Kf1 97. Nh3 Rd4 98. Kh1 Rc4 99. Kh2 Rb4 100. Kh1 Ke2 101. Kh2 Ke3 102. Ng5 Rb5 103. Ne4 Re5 104. Ng5 Rxg5 105. hxg5 Kf2 106. Kh3 Ke2 107. Kh4 Ke3 108. Kh3 Kf2 109. Kh2 Ke2 110. Kh3 Ke3 111. Kh2 Kd4 112. Kh3 Ke5 113. g4 fxg3 114. Kxg3 Kf5 115. f4 Ke4 116. Kh3 Kxf4 0-1


[Site "https://www.chess.com"]

[Event "Titled Tuesday Blitz August 22 Early 2023"]
[White "Chigaev, Maksim"]
[Black "So, Wesley"]
[WhiteFideId "4108116"]
[BlackFideId "5202213"]
[WhiteElo "2913"]
[BlackElo "3104"]
[Result "1-0"]
[Round "8"]
[TimeControl "180+1"]
[Date "2023.08.22"]
[WhiteClock "0:00:18"]
[BlackClock "0:00:15"]
[Board "10"]

1. e4 c6 2. Nf3 d5 3. d3 g6 4. e5 d4 5. c3 c5 6. Nbd2 Nc6 7. Nb3 Bg7 8. Nxc5 b6 9. Qa4 Qd5 10. Nxd4 Qxe5+ 11. Be3 Qxc5 12. Nxc6 Qd6 13. Ne5+ Kf8 14. Qc6 Qxc6 15. Nxc6 Bb7 16. Nd4 e5 17. Nb5 Ne7 18. Rg1 Nd5 19. Bd2 Ke7 20. c4 Nf4 21. g3 Ne6 22. Bb4+ Nc5 23. Bxc5+ bxc5 24. Bg2 Bxg2 25. Rxg2 Rhd8 26. O-O-O e4 27. dxe4 Bxb2+ 28. Kc2 Rxd1 29. Kxd1 Be5 30. f4 a6 31. fxe5 axb5 32. cxb5 Ke6 33. Rb2 Kxe5 34. b6 Kd6 35. b7 Rb8 36. Kc2 Kc6 37. Kc3 Rxb7 38. Rxb7 Kxb7 39. Kc4 Kc6 40. e5 g5 41. g4 h6 42. a4 Kb6 43. h3 Ka5 44. Kxc5 Kxa4 45. Kd6 Kb5 46. Ke7 1-0


[Site "https://www.chess.com"]

[Event "Titled Tuesday Blitz August 22 Early 2023"]
[White "JeRoma71"]
[Black "Bluebaum, Matthias"]
[BlackFideId "24651516"]
[WhiteElo "2874"]
[BlackElo "3017"]
[Result "1/2-1/2"]
[Round "8"]
[TimeControl "180+1"]
[Date "2023.08.22"]
[WhiteClock "0:00:09"]
[BlackClock "0:00:08"]
[Board "11"]

1. Nf3 d5 2. g3 Nf6 3. Bg2 e6 4. O-O Be7 5. d3 O-O 6. Nbd2 c5 7. e4 Nc6 8. Re1 h6 9. c3 a5 10. a4 b6 11. exd5 exd5 12. Nb1 Bf5 13. Na3 Bd6 14. Nb5 Bb8 15. d4 Be4 16. Be3 c4 17. Bf1 Re8 18. Nd2 Bg6 19. Bg2 Qd7 20. b3 cxb3 21. Qxb3 Na7 22. c4 Nxb5 23. Qxb5 Ra7 24. Qxb6 dxc4 25. Bc6 Qd8 26. Nxc4 Qxb6 27. Nxb6 Rd8 28. d5 Be5 29. Nc4 Bxa1 30. Bxa7 Bc3 31. Rc1 Bb4 32. Bb6 Rc8 33. Bxa5 Bxa5 34. Nxa5 Nxd5 35. Ra1 Nb4 36. Bf3 Rc3 37. Kg2 Nc2 38. Rd1 Ra3 39. Bc6 Nb4 40. Bb5 Be4+ 41. Kg1 Bf3 42. Rb1 Nd5 43. Nc4 Ra2 44. Bc6 Kh7 45. Ne5 Nc3 46. Re1 Bxc6 47. Nxc6 Rxa4 48. Ne5 f6 49. Nf3 Ra2 50. Kg2 f5 51. Nd4 g6 52. h4 Rd2 53. Nf3 Rb2 54. Re7+ Kg8 55. Ne5 Rb6 56. Re8+ Kg7 57. Rc8 Nd5 58. Rd8 Nf6 59. Rc8 Rb7 60. Rc6 Re7 61. f4 Ra7 62. Kf3 Ra3+ 63. Kg2 Ra2+ 64. Kg1 Ra7 65. Kg2 h5 66. Kf3 Rb7 67. Kg2 Rb2+ 68. Kg1 Rb1+ 69. Kg2 Rb2+ 70. Kg1 Rb3 71. Kg2 Ra3 72. Rc7+ Kg8 73. Nxg6 Ra2+ 74. Kf1 Ng4 75. Ne7+ Kf8 76. Nxf5 Rd2 77. Rc8+ Kf7 78. Rc5 Nh2+ 79. Ke1 Nf3+ 80. Kf1 Kf6 81. Ne3 Nh2+ 82. Ke1 Nf3+ 83. Kf1 Nh2+ 84. Kg1 Nf3+ 85. Kf1 1/2-1/2


[Site "https://www.chess.com"]

[Event "Titled Tuesday Blitz August 22 Early 2023"]
[White "Elsa167"]
[Black "Le, Tuan Minh"]
[BlackFideId "12401153"]
[WhiteElo "2870"]
[BlackElo "3002"]
[Result "1-0"]
[Round "8"]
[TimeControl "180+1"]
[Date "2023.08.22"]
[WhiteClock "0:00:03"]
[BlackClock "0:00:01"]
[Board "12"]

1. d4 d5 2. c4 e6 3. Nf3 a6 4. cxd5 exd5 5. Nc3 h6 6. Bf4 Nf6 7. e3 Bd6 8. Bxd6 Qxd6 9. Bd3 O-O 10. h3 b6 11. O-O Bb7 12. Qc2 Re8 13. Ne5 c5 14. f4 Nc6 15. Qf2 cxd4 16. exd4 Qb4 17. Rad1 Kf8 18. Bb1 Rad8 19. a3 Qd6 20. Rfe1 Na5 21. g4 Kg8 22. g5 Ne4 23. Bxe4 dxe4 24. d5 hxg5 25. Nxe4 Qh6 26. fxg5 Qh5 27. Ng3 Qxg5 28. Nxf7 Qh4 29. Nxd8 Rxd8 30. Kh2 Rf8 31. Qd4 Qh6 32. Rf1 Rd8 33. d6 Bc8 34. Nf5 Qh7 35. Ne7+ Kh8 36. Qd3 Qh6 37. Qg6 Qxh3+ 38. Kg1 Bg4 39. Rd3 Qh4 40. Re3 Nc4 41. Qe4 Nxe3 42. Ng6+ Kg8 43. Nxh4 Nxf1 44. Qxg4 Ne3 45. Qe6+ Kh7 46. Qxe3 1-0


[Site "https://www.chess.com"]

[Event "Titled Tuesday Blitz August 22 Early 2023"]
[White "Andreikin, Dmitry"]
[Black "Kravtsiv, Martyn"]
[WhiteFideId "4158814"]
[BlackFideId "14113147"]
[WhiteElo "2996"]
[BlackElo "2877"]
[Result "1-0"]
[Round "8"]
[TimeControl "180+1"]
[Date "2023.08.22"]
[WhiteClock "0:00:38"]
[BlackClock "0:00:00"]
[Board "13"]

1. d4 Nf6 2. c4 e6 3. Nf3 d5 4. Bg5 h6 5. Bxf6 Qxf6 6. e3 Bb4+ 7. Nbd2 O-O 8. a3 Be7 9. Qc2 c6 10. Bd3 Nd7 11. O-O g6 12. Rac1 Rd8 13. Rfd1 Bf8 14. e4 h5 15. e5 Qe7 16. c5 Bg7 17. b4 b5 18. a4 a6 19. a5 Nf8 20. h4 Bh6 21. g3 Ra7 22. Re1 Bd7 23. Re2 Be8 24. Rce1 Kh8 25. Nf1 Nh7 26. N1h2 Bd7 27. Kg2 Rg8 28. Rh1 Raa8 29. Ng1 Raf8 30. Nh3 f5 31. exf6 Qxf6 32. Re5 Rg7 33. f4 Rfg8 34. Nf3 Qe7 35. Re3 Nf6 36. Ne5 Be8 37. Ng5 Nh7 38. Nef3 Bxg5 39. hxg5 Rf8 40. Ne5 Rfg8 41. g4 Nf8 42. Reh3 Rh7 43. Be2 Rgg7 44. gxh5 gxh5 45. Bd3 Rh6 46. Kf2 1-0


[Site "https://www.chess.com"]

[Event "Titled Tuesday Blitz August 22 Early 2023"]
[White "Durarbayli, Vasif"]
[Black "Kevlishvili, Robby"]
[WhiteFideId "13402935"]
[BlackFideId "1040634"]
[WhiteElo "2857"]
[BlackElo "2978"]
[Result "0-1"]
[Round "8"]
[TimeControl "180+1"]
[Date "2023.08.22"]
[WhiteClock "0:00:18"]
[BlackClock "0:00:11"]
[Board "14"]

1. e4 c5 2. Nf3 d6 3. d4 cxd4 4. Nxd4 Nf6 5. Nc3 a6 6. Be2 e5 7. Nb3 Be7 8. Be3 Be6 9. Nd5 Nbd7 10. Qd3 Bxd5 11. exd5 O-O 12. O-O-O Rc8 13. Kb1 b5 14. g4 Nb6 15. Bf3 Nfd7 16. Na5 Bh4 17. Nc6 Qf6 18. Be4 h6 19. f4 exf4 20. Bd4 Qg5 21. Bf5 Rc7 22. Bc3 Nc4 23. b3 Ne3 24. Ba5 Rb7 25. Rd2 Nf6 26. Bb4 Re8 27. Bxd6 g6 28. Na5 gxf5 29. Nxb7 fxg4 30. Qd4 Qxd5 31. Bxf4 Qxh1+ 32. Kb2 Nc4+ 33. bxc4 Qxb7 34. c5 Qe4 35. Bxh6 Qxd4+ 36. Rxd4 Ne4 37. c6 Bf6 0-1


[Site "https://www.chess.com"]

[Event "Titled Tuesday Blitz August 22 Early 2023"]
[White "Bachmann, Axel"]
[Black "Paravyan, David"]
[WhiteFideId "3700488"]
[BlackFideId "4194985"]
[WhiteElo "2855"]
[BlackElo "2971"]
[Result "1-0"]
[Round "8"]
[TimeControl "180+1"]
[Date "2023.08.22"]
[WhiteClock "0:00:47"]
[BlackClock "0:00:10"]
[Board "15"]

1. e4 e5 2. Bc4 Nf6 3. d3 c6 4. Nf3 d5 5. Bb3 a5 6. a3 a4 7. Ba2 Bd6 8. Nc3 O-O 9. O-O dxe4 10. dxe4 Na6 11. h3 Nc5 12. Qe2 b6 13. Rd1 Ba6 14. Qe1 Qe7 15. Nh4 g6 16. Bg5 Bc7 17. Qe3 Ne6 18. Bh6 Rfd8 19. Nf5 gxf5 20. exf5 Ng7 21. Qg5 Qf8 22. Qxf6 Rd4 23. Qxc6 Rc8 24. Nd5 Bd8 25. Qd7 Qe8 26. Qa7 Be2 27. Rxd4 exd4 28. Re1 Nxf5 29. Rxe2 Qxe2 30. Nf6+ Kh8 31. Qxf7 Qe1+ 32. Kh2 Bc7+ 33. f4 Qg3+ 34. Kh1 Qe1+ 35. Kh2 Qg3+ 36. Kh1 Nxh6 37. Qxh7# 1-0


[Site "https://www.chess.com"]

[Event "Titled Tuesday Blitz August 22 Early 2023"]
[White "Zemlyanskii, Ivan"]
[Black "Demchenko, Anton"]
[WhiteFideId "24249971"]
[BlackFideId "4160258"]
[WhiteElo "2853"]
[BlackElo "2942"]
[Result "0-1"]
[Round "8"]
[TimeControl "180+1"]
[Date "2023.08.22"]
[WhiteClock "0:00:00"]
[BlackClock "0:00:13"]
[Board "16"]

1. d4 Nf6 2. c4 d6 3. Nf3 Nc6 4. Nc3 e5 5. Bg5 h6 6. Bxf6 Qxf6 7. d5 Nb8 8. e3 g6 9. Bd3 Qe7 10. h4 f5 11. Bc2 h5 12. Ba4+ Kd8 13. Qd2 Bh6 14. O-O-O Nd7 15. Bxd7 Bxd7 16. c5 Ke8 17. Ne2 Kf7 18. Qc3 Bb5 19. Neg1 Rhe8 20. Nh3 Kg8 21. Nhg5 Be2 22. Rd2 Bxf3 23. Nxf3 dxc5 24. Qb3 Qd6 25. Qxb7 Rab8 26. Qc6 Red8 27. Rhd1 Rb6 28. Qa4 Rdb8 29. Ng5 Bg7 30. Ne6 Bf6 31. e4 Rb4 32. Qxa7 Bxh4 33. Kb1 fxe4 34. Qxc7 Be7 35. Qa7 c4 36. Qe3 Kh7 37. Rc2 Ra8 38. f3 Qa6 39. a3 Rb3 40. Qxe4 Qxa3 41. Kc1 Rxb2 42. Rxb2 c3 43. Qc2 Rb8 0-1


[Site "https://www.chess.com"]